AoeStats
← HENDRIXarg2502

Arabia

509897457Analyzed
1v1 RM · 5d ago on Sep 28, 2026· 28m 22s· 2 players
Game mode
Random Map
Map size
Tiny (2 player)
Population
200
Speed
Normal
Resources
Standard
Victory
Conquest
Starting age
Dark Age
Ending age
Imperial Age
RankedLock teamsTeams togetherTeam positionsShared explorationLock speedFull tech treeHidden civsTurbo modeCheats
Victory
Defeat
🇦🇷 Hindustanis · Argentina
1115
+15
🇹🇼 Huns · Taiwan
1104
-15
curson
7:21 Loom
9:49 Feudal Age
12:42 Double-Bit Axe
15:49 Bloodlines
23:28 Castle Age
22:09 Forging
22:00 Gold Mining
23:48 Scale Mail Armor
23:33 Pikeman
25:38 Fletching
26:41 Husbandry
27:19 Thumb Ring
28:16 Scale Barding Armor
HENDRIXarg2502
5:50 Loom
8:54 Feudal Age
9:32 Double-Bit Axe
10:25 Horse Collar
10:36 Horse Collar
12:46 Town Watch
18:41 Wheelbarrow
21:47 Castle Age
20:22 Gold Mining
20:34 Scale Mail Armor
21:17 Bloodlines
21:55 Scale Barding Armor
25:42 Bow Saw
Connection lost

Rejoining the realm…

Still unreachable

The connection could not be restored.

Session expired

The server has moved on; the page needs a fresh start.